 Dungeon Crawl Stone Soup version 0.29-a0-221-gceb61267dd (webtiles) character file.

Game seed: 3247695617867111393

21500 drugrobin the Archer (level 12, 0/104 HPs)
             Began as a Demigod Hunter on Feb 26, 2022.
             Slain by a death yak (21 damage)
             ... on level 2 of the Lair of Beasts.
             The game lasted 00:41:02 (11929 turns).

drugrobin the Archer (Demigod Hunter)              Turns: 11929, Time: 00:41:03

Health: 0/104      AC:  9    Str: 21    XL:     12   Next: 24%
Magic:  13/15      EV: 22    Int: 13    God:
Gold:   970        SH:  5    Dex: 30    Spells: 9/11 levels left

rFire   . . .      SeeInvis .   a - +11 shortbow "Jab Jysm" {venom, Drain Str+8}
rCold   + . .      Faith    .   (shield currently unavailable)
rNeg    . . .      Spirit   .   w - +0 troll leather armour
rPois   .          Reflect  +   I - +0 helmet
rElec   .          Harm     .   (no cloak)
rCorr   .          Rampage  .   U - +0 pair of gloves
Will    +....                   O - +2 pair of boots
Stlth   ++........              G - amulet "Tekk" {Reflect rF+ SH+5}
HPRegen 1.07/turn               P - ring of ice
MPRegen 0.14/turn               E - ring of flight

@: on blink cooldown, flying
A: high MP 1, forlorn, divine attributes
a: no special abilities


You were on level 2 of the Lair of Beasts.
You visited 2 branches of the dungeon, and saw 14 of its levels.

You collected 970 gold pieces.

Inventory:

Hand Weapons
 a - the +11 shortbow "Jab Jysm" (weapon) {venom, Drain Str+8}
   (You found it on level 2 of the Lair of Beasts)

   Any ammunition fired from it poisons the flesh of those it strikes.
   Str:       It affects your strength (+8).
   Drain:     It drains your maximum health when unequipped.
Armour
 u - the +2 leather armour of Hairiness {Rampage rElec}
   (You found it on level 4 of the Dungeon)

   rElec:     It insulates you from electricity.
   Rampage:   It bestows one free step when moving towards enemies.
 w - a +0 troll leather armour (worn)
 I - a +0 helmet (worn)
 O - a +2 pair of boots (worn)
 S - a +1 robe of cold resistance
 U - a +0 pair of gloves (worn)
Jewellery
 g - an amulet of regeneration
 E - a ring of flight (right hand)
 G - the amulet "Tekk" (around neck) {Reflect rF+ SH+5}
   (You found it on level 6 of the Dungeon)

   [amulet of reflection]

   It reflects blocked missile attacks.
   rF:        It protects you from fire.
   SH:        It affects your SH (+5).
 P - a ring of ice (left hand)
 R - a ring of ice
Wands
 j - a wand of charming (3)
 r - a wand of mindburst (6)
 v - a wand of iceblast (21)
 F - a wand of flame (7)
Scrolls
 d - 9 scrolls of teleportation
 e - a scroll of blinking {unknown}
 m - 4 scrolls of immolation {unknown}
 n - 5 scrolls of vulnerability {unknown}
 q - 2 scrolls of summoning {unknown}
 B - 2 scrolls of amnesia {unknown}
 C - 3 scrolls of magic mapping {unknown}
 J - a scroll of torment {unknown}
 M - 4 scrolls of fear {unknown}
 N - a scroll of enchant weapon {unknown}
 T - a scroll of fog {unknown}
Potions
 c - a potion of resistance
 f - a potion of heal wounds {unknown}
 h - a potion of magic {unknown}
 i - 3 potions of cancellation
 k - 7 potions of curing
 z - 2 potions of haste
 A - a potion of berserk rage
 H - a potion of invisibility
 V - a potion of lignification
Miscellaneous
 W - a phial of floods


   Skills:
 + Level 9.3 Fighting
 + Level 14.9 Bows
 + Level 9.4 Dodging
 - Level 0.9 Stealth


You had 9 spell levels left.
You knew the following spells:

 Your Spells              Type           Power      Damage    Failure   Level
a - Blink                 Tloc           0%         N/A       47%         2

Your spell library contained the following spells:

 Spells                   Type           Power      Damage    Failure   Level
 Static Discharge         Conj/Air       0%         N/A       47%         2
 Call Canine Familiar     Summ           0%         N/A       71%         3
 Ozocubu's Armour         Ice            0%         N/A       71%         3
 Portal Projectile        Hex/Tloc       0%         N/A       71%         3
 Animate Armour           Summ/Erth      0%         N/A       98%         4
 Leda's Liquefaction      Hex/Erth       0%         N/A       98%         4
 Blade Hands              Tmut           0%         N/A       100%        5
 Lightning Bolt           Conj/Air       0%         1d11      100%        5
 Manifold Assault         Tloc           0%         N/A       100%        5
 Iron Shot                Conj/Erth      0%         9d1       100%        6
 Ozocubu's Refrigeration  Ice            0%         4d5       100%        7
 Storm Form               Tmut/Air       0%         N/A       100%        7
 Maxwell's Capacitive Co  Air            0%         ∞         100%        8


Dungeon Overview and Level Annotations

Branches:
Dungeon (12/15)            Temple (0/1) D:5            Lair (2/6) D:9
 Shoals (0/4) Lair:2       Spider (0/4) Lair:2          Orc (0/2) D:11

Annotations:
D:3 Grinder
D:7 2 transporters, jejorda2's ghost, novice DEHu
D:9 AlmostDecent's ghost, novice GrHu


Innate Abilities, Weirdness & Mutations

You have an increased reservoir of magic. (+10% MP)
You shall have no god before yourself.
Your divine heritage dramatically boosts your attributes as you level up.


Message History

You shoot an arrow. The arrow barely misses the death yak.
The death yak misses you. The death yak barely misses you.
You shoot an arrow. The arrow hits the death yak!!
The death yak looks as sick as possible!
The death yak is almost dead.
You block the death yak's attack.
You kill the death yak!
You shoot an arrow. The arrow hits the death yak!
The death yak is poisoned.
The death yak is almost dead.
The death yak barely misses you.
You shoot an arrow. The arrow hits the death yak!!
You kill the death yak!
You shoot an arrow. The arrow hits the death yak!
The death yak is moderately wounded.
You shoot an arrow. The arrow hits the death yak!
The death yak is poisoned.
The death yak is moderately wounded.
You shoot an arrow. The arrow hits the death yak!
The death yak looks as sick as possible!
The death yak is heavily wounded.
You shoot an arrow. The arrow hits the death yak.
The death yak looks as sick as possible!
The death yak is heavily wounded.
The death yak gores you!! x2
The death yak gores you but does no damage.
The komodo dragon bites you!
* * * LOW HITPOINT WARNING * * *
The death yak gores you!!
* * * LOW HITPOINT WARNING * * *
Casting: Blink (dangerous; 47% risk of failure)
Confirm with . or Enter, or press ? or * to list all spells.
You blink.
The death yak misses you. The death yak completely misses you.
You block the komodo dragon's attack. You block the death yak's attack.
You see here a death yak corpse.
Casting: Blink (dangerous; 47% risk of failure)
Confirm with . or Enter, or press ? or * to list all spells.
Okay, then.
Unknown command.
The death yak gores you!!
You die...

#........# #..........#
#........## #...........
P.........# ##.##......#
.........## ####.....##
##.......# #......# #.......##
##......P #P......# ####
##........ #......l## ##..##
#..†...... #........####...@##
##.......# #.........##....Yl#
#........# ##.....Y.###...Y†##
##........ #......Y##......#
#........# #........####..######
#........P
##.......Y###.#.#..†####.........
#..........#.#.#.†...##.#........
..............#......>#.#........
#.....P......#.......##..........


You could see 2 death yaks and a komodo dragon.

Vanquished Creatures
  Fannar (D:11)
  A boulder beetle (D:11)
  A centaur warrior (D:11)
  3 two-headed ogres
  3 death yaks (Lair:2)
  Urug (Lair:2)
  Amaemon (Lair:1)
  Pikel (D:5)
  An orc sorcerer (D:7)
  The ghost of AlmostDecent the Quickloader, a novice DsHu (D:6)
  A cyclops (D:11)
  A gargoyle (D:11)
  An orange demon (Lair:1)
  4 cane toads
  An unseen horror (D:11)
  Psyche (D:9)
  2 komodo dragons (D:11)
  A freezing wraith (D:11)
  2 trolls (D:11)
  A hornet (D:11)
  Prince Ribbit (D:6)
  A slime creature (D:9)
  A shadow (D:11)
  4 culicivoras (Lair:2)
  A wraith (D:12)
  9 yaks
  2 wyverns
  2 basilisks (D:9)
  Grum (Lair:1)
  2 steam dragons
  3 vampire mosquitoes (D:11)
  An acid dragon (D:10)
  7 water moccasins
  7 orc warriors
  3 ice beasts
  A sky beast (D:5)
  3 black bears
  2 wolves (Lair:1)
  2 ogres
  12 centaurs
  A phantom (D:5)
  2 kobold brigands
  3 bullfrogs
  4 scorpions
  5 killer bees (D:9)
  7 wights (D:9)
  2 electric eels (D:7)
  4 howler monkeys
  A hound (D:5)
  4 jellies
  8 orc priests
  3 gnoll shamans
  Terence (D:3)
  4 iguanas
  10 orc wizards
  17 gnolls
  6 adders
  A shadow imp (D:7)
  A white imp (D:7)
  An ufetubus (D:6)
  2 worms
  A dart slug (D:3)
  31 orcs
  2 bats
  7 endoplasms
  3 giant cockroaches
  5 goblins
  8 hobgoblins
  4 jackals (D:2)
  7 quokkas
  6 ball pythons
  6 frilled lizards
  14 kobolds
  5 rats
280 creatures vanquished.

Vanquished Creatures (others)
  A water moccasin (D:9)
  3 bushes (D:9)
  5 fungi (D:9)
  26 plants (D:9)
35 creatures vanquished.

Grand Total: 315 creatures vanquished

Notes
Turn   | Place    | Note
-------+----------+-------------------------------------------
     0 | D:1      | drugrobin the Demigod Hunter began the quest for the Orb.
     0 | D:1      | Reached XP level 1. HP: 17/17 MP: 3/3
   267 | D:1      | Reached skill level 4 in Bows
   339 | D:1      | Reached XP level 2. HP: 24/24 MP: 4/4
  1128 | D:2      | Reached XP level 3. HP: 17/29 MP: 5/5
  1874 | D:2      | Reached skill level 5 in Bows
  2041 | D:3      | Noticed Terence
  2054 | D:3      | Killed Terence
  2055 | D:3      | Reached XP level 4. HP: 22/36 MP: 6/6
  2453 | D:3      | Noticed Grinder
  2454 | D:3      | Paralysed by Grinder for 4 turns
  2463 | D:3      | Paralysed by Grinder for 6 turns
  2943 | D:4      | Noticed a steam dragon
  3025 | D:4      | Killed a steam dragon
  3026 | D:4      | Reached skill level 6 in Bows
  3026 | D:4      | Reached XP level 5. HP: 41/41 MP: 7/7
  3125 | D:4      | Identified the +2 leather armour of Hairiness {Rampage
                  | rElec}
  3202 | D:4      | Noticed an ogre
  3216 | D:4      | Killed an ogre
  3217 | D:4      | Reached XP level 6. HP: 48/48 MP: 8/8
  3387 | D:4      | Reached skill level 7 in Bows
  3517 | D:5      | Entered Level 5 of the Dungeon
  3688 | D:5      | Reached XP level 7. HP: 56/56 MP: 9/9
  3719 | D:5      | Identified the +7 hunting sling "Fipsadem" {flame, *Slow
                  | Will+ SInv}
  3946 | D:5      | Found a staircase to the Ecumenical Temple.
  3948 | D:5      | Noticed Pikel
  3978 | D:5      | Killed Pikel
  3979 | D:5      | Reached skill level 8 in Bows
  3979 | D:5      | Reached XP level 8. HP: 63/66 MP: 10/10
  4308 | D:6      | Noticed Prince Ribbit
  4395 | D:5      | Reached skill level 9 in Bows
  4450 | D:6      | Killed Prince Ribbit
  4480 | D:6      | Found a runed translucent door.
  4690 | D:6      | Reached skill level 5 in Fighting
  4690 | D:6      | Reached skill level 5 in Dodging
  4798 | D:6      | Identified the amulet "Tekk" {Reflect rF+ SH+5}
  4821 | D:6      | Learned a level 2 spell: Blink
  5078 | D:6      | Reached XP level 9. HP: 74/74 MP: 11/11
  5132 | D:6      | Noticed AlmostDecent's ghost (novice DsHu)
  5159 | D:6      | Killed AlmostDecent's ghost
  5160 | D:6      | Reached skill level 10 in Bows
  5576 | D:7      | Noticed a two-headed ogre
  5638 | D:7      | Killed a two-headed ogre
  6017 | D:7      | Noticed jejorda2's ghost (novice DEHu)
  6018 | D:7      | Found a transporter.
  6023 | D:7      | Found a transporter.
  6315 | D:8      | Noticed an orc sorcerer
  6355 | D:7      | Reached skill level 11 in Bows
  6585 | D:7      | Reached XP level 10. HP: 84/84 MP: 13/13
  6672 | D:8      | Noticed a wizard
  6746 | D:7      | Killed an orc sorcerer
  6998 | D:9      | Noticed a two-headed ogre
  7018 | D:9      | Noticed a two-headed ogre
  7043 | D:9      | Killed a two-headed ogre
  7167 | D:9      | Killed a two-headed ogre
  7168 | D:9      | Reached skill level 12 in Bows
  7684 | D:9      | Found a staircase to the Lair.
  7876 | D:9      | Found a runed translucent gate.
  7876 | D:9      | Found a runed translucent gate.
  7876 | D:9      | Found a runed translucent gate.
  7877 | D:9      | Noticed AlmostDecent's ghost (novice GrHu)
  8121 | D:9      | Noticed Psyche
  8200 | D:9      | Killed Psyche
  8372 | D:9      | Reached XP level 11. HP: 93/93 MP: 14/14
  8453 | D:10     | Entered Level 10 of the Dungeon
  8635 | D:10     | Noticed Fannar
  8825 | D:11     | Found a staircase to the Orcish Mines.
  9125 | D:11     | Noticed a boulder beetle
  9141 | D:11     | Killed a boulder beetle
  9142 | D:11     | Reached skill level 13 in Bows
  9765 | D:12     | Noticed a centaur warrior
  9778 | D:11     | Killed a centaur warrior
  9871 | D:12     | Noticed a death knight
  9954 | D:11     | Killed Fannar
 10052 | D:12     | Noticed a phantasmal warrior
 10250 | Lair:1   | Entered Level 1 of the Lair of Beasts
 10386 | Lair:1   | Noticed Amaemon
 10399 | Lair:1   | Killed Amaemon
 10873 | Lair:1   | Noticed Grum
 10891 | Lair:1   | Reached skill level 14 in Bows
 10903 | Lair:1   | Killed Grum
 11494 | Lair:2   | Noticed Urug
 11506 | Lair:2   | Killed Urug
 11507 | Lair:2   | Reached XP level 12. HP: 40/103 MP: 15/15
 11722 | Lair:2   | Found a staircase to the Shoals.
 11748 | Lair:2   | Identified the +11 shortbow "Jab Jysm" {venom, Drain Str+8}
 11812 | Lair:2   | Found a hole to the Spider Nest.
 11929 | Lair:2   | Slain by a death yak

Illustrated notes

Levels and vault maps discovered:
D:1:      saegor_arrival_simple_d, layout_basic
D:2:      layout_loops_corners, shapermc_ecumenical_altar_venn
D:3:      layout_loops_ring, uniq_terence, uniq_grinder
D:4:      layout_loops_cross
D:5:      layout_rooms, minmay_temple_entry_steel_oval, uniq_pikel
D:6:      layout_basic, cheibrodos_worm_habitat, ebering_ghost_reflecting_pool,
          abandoned_shop, uniq_prince_ribbit1
D:7:      statuecave_lemuel, layout_basic, gammafunk_ghost_smash
D:8:      cheibrodos_wizards_tower, layout_cave_pools, serial_shops,
          shop_fountains
D:9:      layout_loops_corners, minmay_lair_entry_grove, gammafunk_ghost_ooze,
          uniq_psyche
D:10:     layout_roguey, chequers_temple_overflow_minitemple,
          jmf_multi_god_temple, serial_shops, shop, uniq_gastronok, uniq_fannar
D:11:     layout_loops_ring, minmay_orc_entry_temple_small, chequers_garden
D:12:     layout_rooms, nicolae_shop_fire_sale [nicolae_sub_dead_trees]
Lair:1:   layout_cave_pods, uniq_amaemon, uniq_grum
Lair:2:   layout_hall_layers, shoals_dummy_entry,
          hellmonk_spider_entry_life_and_decay, chequers_serial_rivers_small_3,
          chequers_serial_rivers_large_a, grunt_megastairs_2, uniq_urug,
          uniq_maggie

Skill      XL: |  1  2  3  4  5  6  7  8  9 10 11 12 |
---------------+-------------------------------------+-----
Bows           | 4 5 6 7 8 9 11 12 14 | 14.9
Fighting       | 2 4 5 6 7 8 9 |  9.3
Dodging        | 2 4 5 6 7 9 |  9.4
Stealth        | |  0.9

Action                   |  1- 3 |  4- 6 |  7- 9 | 10-12 || total
-------------------------+-------+-------+-------+-------++-------
Melee: Dagger            |       |    26 |   119 |   110 ||   255
       Punch             |       |       |     4 |     1 ||     5
       Shortbow          |       |       |     1 |     1 ||     2
 Fire: Shortbow          |   104 |    96 |   294 |   448 ||   942
       Longbow           |       |       |       |   134 ||   134
Throw: Dart              |       |       |     1 |     2 ||     3
       Throwing net      |       |       |     1 |       ||     1
 Cast: Blink             |       |       |     3 |     7 ||    10
Evoke: Wand              |       |     2 |     1 |     8 ||    11
  Use: Scroll            |       |       |       |    14 ||    14
 Stab: Sleeping          |       |     1 |       |       ||     1
Armor: Leather armour    |     9 |     9 |    61 |    59 ||   138
       Steam dragon scal |       |     2 |       |       ||     2
       Troll leather arm |       |       |       |    40 ||    40
Dodge: Dodged            |    20 |    24 |   196 |   370 ||   610
Block: Other             |       |       |       |    45 ||    45

Table legend: (Time is in decaauts)
 A = Elapsed time spent in this place.
 B = Non-inter-level travel time spent in this place.
 C = Inter-level travel time spent in this place.
 D = Time resting spent in this place.
 E = Time spent auto-exploring this place.
 F = Levels seen in this place.
 G = Mean time per level.
                   A        B        C        D        E       F      G
               +--------+--------+--------+--------+--------+-----+--------+
         Total |  11944 |  10917 |   1027 |    832 |   6718 |  14 |  853.1 |
       Dungeon |  10261 |   9351 |    910 |    594 |   5730 |  12 |  855.1 |
          Lair |   1682 |   1565 |    117 |    238 |    988 |   2 |  841.0 |
               +--------+--------+--------+--------+--------+-----+--------+

Top non-repeatable levels by time:
     D:9: 1589 daAuts
     D:7: 1415 daAuts
    D:11: 1393 daAuts
     D:2: 1204 daAuts
  Lair:1: 1119 daAuts
     D:1: 898 daAuts
     D:6: 882 daAuts
     D:4: 860 daAuts
     D:5: 760 daAuts
     D:3: 694 daAuts
  Lair:2: 563 daAuts
    D:10: 274 daAuts
     D:8: 181 daAuts
    D:12: 104 daAuts
